 Dungeon Crawl Stone Soup version 0.29.0-13-gc9e81de378 (webtiles) character file.

Game seed: 11789929148857814302

55 xian the Chopper (level 3, -2/29 HPs)
             Began as a Demonspawn Chaos Knight on Sept 8, 2022.
             Was a Plaything of Xom.
             Slain by an iron imp (10 damage)
             ... summoned by Xom
             ... on level 2 of the Dungeon.
             The game lasted 00:03:16 (1635 turns).

xian the Chopper (Demonspawn Chaos Knight)          Turns: 1635, Time: 00:03:16

Health: -2/29      AC:  6    Str: 14    XL:     3   Next: 67%
Magic:  3/3        EV: 11    Int: 13    God:    Xom [.....*]
Gold:   110        SH:  4    Dex: 12    Spells: 2/2 levels left

rFire   + . .      SeeInvis .   a - +0 hand axe (chaos)
rCold   x . .      Faith    .   (no shield)
rNeg    . . .      Spirit   .   b - +2 leather armour
rPois   .          Reflect  .   (no helmet)
rElec   .          Harm     .   (no cloak)
rCorr   .          Rampage  .   h - +0 pair of gloves
Will    .....                   (no boots)
Stlth   +.........              (no amulet)
HPRegen 0.09/turn               d - ring of fire
MPRegen 0.08/turn               (no ring)

@: no status effects
A: hooves 1, condensation shield
a: Renounce Religion


You were on level 2 of the Dungeon.
You worshipped Xom.
You were Xom's teddy bear.
You visited 1 branch of the dungeon, and saw 2 of its levels.

You collected 129 gold pieces.
You spent 19 gold pieces at shops.

Inventory:

Hand Weapons
 a - a +0 hand axe of chaos (weapon)
Missiles
 k - 3 poisoned darts
Armour
 b - a +2 leather armour (worn)
 h - a +0 pair of gloves (worn)
Jewellery
 d - a ring of fire (left hand)
Scrolls
 e - a scroll of poison
 g - a scroll of butterflies
 i - a scroll of magic mapping {unknown}
 j - a scroll of identify
 l - a scroll of enchant armour {unknown}
Potions
 f - a potion of curing
Miscellaneous
 c - a piece from Xom's chessboard (14/15) (quivered)


   Skills:
 + Level 3.3 Fighting
 + Level 3.6 Axes
 + Level 2.2 Armour
 + Level 1.0 Dodging
 + Level 0.1 Stealth
 + Level 0.1 Evocations


You had 2 spell levels left.
You didn't know any spells.
Your spell library was empty.

Dungeon Overview and Level Annotations

Branches:
Dungeon (2/15)

Altars:
Xom

Shops:
D:1 *


Innate Abilities, Weirdness & Mutations

You have large cloven feet.
A meltable shield of frost defends you. (SH +4)


Message History

Found 12 gold pieces.
The kobold barely misses you.
You hit the kobold. You freeze the kobold.
The kobold is heavily wounded.
The kobold hits you but does no damage.
You hit the kobold but do no damage.
The kobold seems to grow stronger.
The kobold is heavily wounded.
The kobold hits you with a +0 dagger.
You hit the kobold but do no damage.
The kobold is heavily wounded.
The kobold closely misses you.
You hit the kobold but do no damage.
The kobold is poisoned.
The kobold is heavily wounded.
The kobold hits you but does no damage. The kobold hits you with a +0 dagger.
You closely miss the kobold.
The kobold is heavily wounded.
You kill the kobold!
Things that are here:
a +0 dagger; a kobold corpse
l - a scroll labelled MOTEUS MAUST "Time to have some fun!"
The iron imp closely misses you.
You hit the iron imp but do no damage.
The iron imp sputters.
The iron imp barely misses you.
You hit the iron imp.
The iron imp seems to grow stronger.
You kick the iron imp, but do no damage.
The iron imp is moderately wounded.
You barely miss the iron imp. The iron imp hits you!
A shower of butterflies erupts from you!
The iron imp barely misses you.
You hit the iron imp but do no damage.
The iron imp flickers and vanishes!
Deactivating autopickup; reactivate with Ctrl-A.
You closely miss the iron imp. The iron imp closely misses you.
Something hits you!
* * * LOW HITPOINT WARNING * * *
You hit something but do no damage.
Space warps around something.
You closely miss the iron imp. The iron imp barely misses you.
Something hits you!
You die...

............#
#............#
#$...........#
.##............#
..!............#
#..........<..#
.##.......b....#
.....?...{@5...#
###......b....#####.
........)...........
#######)#.##########
#.....# #.##..#
#.###.#### ♣.♣
#....# ♣.♣ #.##.#


You could see an iron imp (summoned).

Vanquished Creatures
  An iguana (D:2)
  A bat (D:2)
  3 endoplasms (D:1)
  A giant cockroach (D:2)
  7 goblins
  2 hobgoblins
  3 jackals (D:1)
  4 ball pythons (D:1)
  3 kobolds
  2 rats (D:1)
27 creatures vanquished.

Vanquished Creatures (others)
  A plant (D:2)
1 creature vanquished.

Grand Total: 28 creatures vanquished

Notes
Turn   | Place    | Note
-------+----------+-------------------------------------------
     0 | D:1      | xian the Demonspawn Chaos Knight began the quest for the
                  | Orb.
     0 | D:1      | Reached XP level 1. HP: 18/18 MP: 1/1
   291 | D:1      | Gained mutation: A meltable shield of frost defends you.
                  | (SH +4) [demonic ancestry]
   291 | D:1      | Reached XP level 2. HP: 24/24 MP: 2/2
   375 | D:1      | Found Qinwefue's Assorted Antiques.
   383 | D:1      | Bought a scroll labelled SOCOKI TOGGO for 19 gold pieces
   398 | D:1      | XOM: silly message
   578 | D:1      | Found a faded altar of an unknown god.
   928 | D:1      | XOM: scenery: summon butterflies
  1004 | D:1      | XOM: scenery: summon butterflies
  1076 | D:1      | XOM: scenery: create altars
  1258 | D:1      | XOM: scenery: create altars
  1316 | D:2      | Reached skill level 1 in Dodging
  1316 | D:2      | Discovered your monstrous ancestry.
  1316 | D:2      | Gained mutation: You have large cloven feet. [demonic
                  | ancestry]
  1316 | D:2      | Reached XP level 3. HP: 8/29 MP: 3/3
  1517 | D:2      | XOM: god gift: 40 gold pieces
  1629 | D:2      | XOM: summons 2 hostile demons
  1633 | D:2      | XOM: butterfly on damage
  1635 | D:2      | Slain by an iron imp

Illustrated notes

Levels and vault maps discovered:
D:1:      psy_arrival_radial02, layout_basic, serial_shops, shop,
          shapermc_ecumenical_altar_mp_vishouse
D:2:      layout_basic, serial_forest, infiniplex_forest_lined_corner,
          infiniplex_forest_straight_3, infiniplex_forest_clump_small,
          infiniplex_forest_straight_3, infiniplex_forest_clump_small,
          infiniplex_forest_straight_2, infiniplex_forest_clump_small

Skill      XL: |  1  2 |
---------------+-------+-----
Axes           | 3 |  3.6
Armour         | 2 |  2.2
Dodging        | 1 |  1.0
Fighting       | |  3.3
Stealth        | |  0.1
Evocations     | |  0.1

Action                   || total
-------------------------++-------
Melee: Hand axe          ||    73
       Kick              ||     2
Evoke: Piece from Xom's  ||     4
  Use: Scroll            ||     5
 Stab: Paralysed         ||     1
Armor: Leather armour    ||    18
Dodge: Dodged            ||    33
Block: Other             ||     4
